 Dungeon Crawl Stone Soup version 0.27-a0-1228-gfd60fd639a (webtiles) character file.

Game seed: 18261186738550102397

963 iamoutofideas the Magician (level 8, -8/56 HPs)
             Began as a Djinni Hedge Wizard on June 7, 2021.
             Was a Follower of Makhleb.
             Shot with an arrow by a centaur (12 damage)
             ... on level 6 of the Dungeon.
             The game lasted 00:12:12 (4315 turns).

iamoutofideas the Magician (Djinni Hedge Wizard)    Turns: 4315, Time: 00:12:13

Health: -8/56      AC:  5    Str:  9    XL:     8   Next: 37%
Gold:   277        EV: 13    Int: 23    God:    Makhleb [*.....] SH:  0 Dex: 14

rFire    + + .     SeeInvis .   f - +0 dagger (distort)
rCold    x . .     Faith    .   (no shield)
rNeg     . . .     Spirit   .   u - +0 robe {Will+}
rPois    ∞         Reflect  .   c - +0 hat
rElec    .         Harm     .   p - +0 cloak
rCorr    .         Rampage  .   s - +1 pair of gloves
Will     +....                  (boots unavailable)
Stlth    ++........             e - amulet of regeneration
HPRegen  1.18/turn              m - +6 ring of intelligence
MPRegen  0.00/turn              (no ring)

@: flying
A: sickness immunity, fire resistance 2, cold vulnerability 1, float, innate
caster, hp casting, extra vitality 1
a: Renounce Religion


You were on level 6 of the Dungeon.
You worshipped Makhleb.
Makhleb was aware of your devotion.
You visited 1 branch of the dungeon, and saw 6 of its levels.

You collected 277 gold pieces.

Inventory:

Hand Weapons
 f - a +0 dagger of distortion (weapon)
 t - a +0 dagger of electrocution
 v - a +3 dagger of freezing
Armour
 b - a +0 robe
 c - a +0 hat (worn)
 p - a +0 cloak (worn)
 s - a +1 pair of gloves (worn)
 u - a +0 robe of willpower (worn)
Jewellery
 e - an amulet of regeneration (around neck)
 m - a +6 ring of intelligence (left hand)
Wands
 o - a wand of polymorph (10)
 r - a wand of acid (3)
Scrolls
 i - a scroll of torment {unknown}
 k - a scroll of immolation {unknown}
 n - a scroll of enchant armour {unknown}
 q - a scroll of enchant weapon {unknown}
Potions
 a - a potion of cancellation {unknown}
 d - 4 potions of curing
 h - a potion of lignification {unknown}
 l - 2 potions of flight {unknown}


   Skills:
 * Level 3.4 Fighting
 + Level 2.0 Short Blades
 + Level 3.7 Dodging
 - Level 1.6 Stealth
 + Level 6.1 Spellcasting


You had one spell level left.
You knew the following spells:

 Your Spells              Type           Power      Damage    Failure   Level
a - Magic Dart            Conj           100%       1d8       1%          1
b - Blink                 Tloc           N/A        N/A       1%          2
c - Call Imp              Summ           35%        N/A       1%          2
d - Slow                  Hex            35%        N/A       1%          2
e - Conjure Flame         Conj/Fire      35%        6-21      1%          3
f - Mephitic Cloud        Conj/Pois/Air  35%        N/A       1%          3
g - Summon Small Mammal   Summ           100%       N/A       1%          1
h - Static Discharge      Conj/Air       35%        N/A       1%          2
i - Wereblood             Tmut           35%        N/A       1%          2
Your spell library was empty.

Dungeon Overview and Level Annotations

Branches:
Dungeon (6/15)
 Temple: D:4-7

Altars:
Cheibriados
Makhleb

Annotations:
D:2 exclusion: downstairs
D:4 exclusion: downstairs


Innate Abilities, Weirdness & Mutations

You are immune to sickness and miasma.
You are immune to poison.
Your flesh is very heat resistant. (rF++)
You are vulnerable to cold. (rC-)
You float through the air rather than walking.
You learn spells naturally, not from books.
Your magical power is your life essence.
You have superior vitality. (+4 HP)


Message History

Press: ? - help, Shift-Dir - straight line, f - centaur, p - water moccasin
Aim: a centaur, quivering arrows (severely wounded, ally target, 100% to hit)
The magic dart hits the centaur.
The centaur is almost dead.
A gnoll shaman comes into view. It is wielding a +0 club.
The centaur hits you.
The centaur kicks you but does no damage.
Your crimson imp barely misses the water moccasin.
You barely miss the centaur.
The centaur is almost dead.
The centaur hits you.
The centaur kicks you but does no damage.
You hit the centaur but do no damage.
The centaur is almost dead.
The centaur blinks!
Your crimson imp blinks!
You swap places.
The water moccasin closely misses your crimson imp.
You see here a +0 leather armour.
There is an open door here.
The centaur wields a +0 shortbow.
The centaur shoots an arrow.
The arrow hits you!
You hear a shout!
The centaur shoots an arrow.
The arrow hits you!
* * * LOW HITPOINT WARNING * * *
You hear a shout!
The centaur shoots an arrow.
The arrow hits you!
* * * LOW HITPOINT WARNING * * *
A gnoll comes into view. It is wielding a +0 flail.
The centaur shoots an arrow.
The arrow closely misses you.
A gnoll comes into view. It is wielding a +0 club.
The centaur shoots an arrow.
The arrow closely misses you.
The gnoll throws a throwing net.
The throwing net closely misses you.
There is a stone staircase leading up here.
You see here a throwing net.
The centaur shoots an arrow.
The arrow hits you!
* * * LOW HITPOINT WARNING * * *
Your crimson imp hits the centaur.
The centaur shoots an arrow.
The arrow hits you!
You die...

#...#....# +........#
##..#....#+##........#
#'##................#
##..#....>...........#
#...'................#
##..#................#
#..#............^..(#
#####..#................# ...
....#..#........@.......# ...
....#'##....####........######...
............#..+S.....g......#..#
........#####..#...........5.#..#
........#......#.............#...
####..>.#...........5cg......#c..
#.<'....#......g########'...c'...
#..#....#......#[S....g.#....#..#
#..#....#####..#.'####+.#....#..#


You could see a water moccasin (slow), a centaur (ally target), a gnoll shaman,
2 gnolls and a friendly crimson imp (summoned).

Vanquished Creatures
  Prince Ribbit (D:5)
  A necrophage (D:5)
  A sky beast (D:5)
  2 wights
  A hound (D:4)
  2 orc priests
  A jelly (D:5)
  A centaur skeleton (D:4)
  2 iguanas
  3 adders
  A gnoll (D:1)
  A howler monkey skeleton (D:4)
  A shadow imp (D:5)
  An ufetubus (D:4)
  An adder skeleton (D:4)
  A dart slug (D:4)
  4 orcs
  5 ball pythons
  7 endoplasms
  6 giant cockroaches
  10 goblins
  4 hobgoblins
  7 jackals
  5 kobolds
  4 frilled lizards
  2 rats (D:2)
75 creatures vanquished.

Vanquished Creatures (collateral kills)
  A black bear (D:4)
  2 wights (D:4)
  An orc priest (D:5)
  A hound zombie (D:5)
  An adder (D:2)
  A hobgoblin (D:2)
7 creatures vanquished.

Grand Total: 82 creatures vanquished

Notes
Turn   | Place    | Note
-------+----------+-------------------------------------------
     0 | D:1      | iamoutofideas the Djinni Hedge Wizard began the quest for
                  | the Orb.
     0 | D:1      | Reached XP level 1. HP: 15/15 MP: 0/0
   155 | D:1      | Reached XP level 2. HP: 17/21 MP: 0/0
   559 | D:1      | Reached skill level 3 in Spellcasting
   559 | D:1      | Reached XP level 3. HP: 3/26 MP: 0/0
   559 | D:1      | Learned a level 1 spell: Summon Small Mammal
  1351 | D:2      | Reached skill level 1 in Fighting
  1351 | D:2      | Reached XP level 4. HP: 29/32 MP: 0/0
  1492 | D:2      | Found a faded altar of an unknown god.
  1566 | D:3      | Noticed a necrophage
  2300 | D:3      | Found a burning altar of Makhleb.
  2451 | D:3      | Became a worshipper of Makhleb the Destroyer
  2517 | D:4      | Reached XP level 5. HP: 37/37 MP: 0/0
  2517 | D:4      | Learned a level 2 spell: Static Discharge
  2646 | D:4      | Reached skill level 4 in Spellcasting
  2696 | D:4      | Reached XP level 6. HP: 35/42 MP: 0/0
  2707 | D:4      | Reached skill level 1 in Short Blades
  2755 | D:4      | Found a snail-covered altar of Cheibriados.
  3144 | D:4      | Reached * piety under Makhleb
  3193 | D:5      | Entered Level 5 of the Dungeon
  3193 | D:5      | Noticed a necrophage
  3200 | D:5      | Noticed a black bear
  3211 | D:4      | Killed a black bear
  3444 | D:5      | Noticed an ice beast
  3474 | D:5      | Noticed Prince Ribbit
  3523 | D:5      | Killed a necrophage
  3524 | D:5      | Reached XP level 7. HP: 36/49 MP: 0/0
  3524 | D:5      | Learned a level 2 spell: Wereblood
  3552 | D:5      | Killed Prince Ribbit
  3553 | D:5      | Reached skill level 5 in Spellcasting
  3589 | D:5      | Reached XP level 8. HP: 56/56 MP: 0/0
  3803 | D:4      | Reached skill level 6 in Spellcasting
  4315 | D:6      | Shot with an arrow by a centaur

Illustrated notes

Levels and vault maps discovered:
D:1:      dpeg_arrival_fog, layout_basic, st_stairs_7
D:2:      layout_rooms, hellmonk_ecumenical_altar_arch_garden
D:3:      layout_basic, lightli_temple_of_fire
D:4:      layout_loops_ring, lemuel_round_altar
D:5:      layout_cave_pools, uniq_prince_ribbit1
D:6:      layout_gridville, minivault_11, glass_columns_a

Skill      XL: |  1  2  3  4  5  6  7  8 |
---------------+-------------------------+-----
Spellcasting   | 3 4 5 6 |  6.1
Fighting       | 1 2 3 |  3.4
Dodging        | 3 |  3.7
Short Blades   | 1 2 |  2.0
Stealth        | |  1.6

Action                   |  1- 3 |  4- 6 |  7- 9 || total
-------------------------+-------+-------+-------++-------
Melee: Dagger            |     3 |    26 |     8 ||    37
 Cast: Magic Dart        |    53 |   113 |    41 ||   207
       Slow              |     3 |     5 |     5 ||    13
       Call Imp          |     3 |     3 |    16 ||    22
       Mephitic Cloud    |     1 |     3 |     3 ||     7
       Static Discharge  |       |     6 |     2 ||     8
       Conjure Flame     |       |     1 |     1 ||     2
       Summon Small Mamm |       |     1 |       ||     1
       Wereblood         |       |       |     1 ||     1
       Blink             |       |       |     3 ||     3
  Use: Scroll            |       |     2 |     1 ||     3
 Stab: Sleeping          |       |     1 |       ||     1
Armor: Robe              |     4 |    21 |     5 ||    30
Dodge: Dodged            |    15 |    41 |    17 ||    73

Table legend: (Time is in decaauts)
 A = Elapsed time spent in this place.
 B = Non-inter-level travel time spent in this place.
 C = Inter-level travel time spent in this place.
 D = Time resting spent in this place.
 E = Time spent auto-exploring this place.
 F = Levels seen in this place.
 G = Mean time per level.
                   A        B        C        D        E       F      G
               +--------+--------+--------+--------+--------+-----+--------+
         Total |   4318 |   4087 |    231 |    596 |   2689 |   6 |  719.7 |
       Dungeon |   4318 |   4087 |    231 |    596 |   2689 |   6 |  719.7 |
               +--------+--------+--------+--------+--------+-----+--------+

Top non-repeatable levels by time:
     D:1: 1070 daAuts
     D:4: 1070 daAuts
     D:3: 925 daAuts
     D:5: 586 daAuts
     D:2: 510 daAuts
     D:6: 155 daAuts
